 Dungeon Crawl Stone Soup version 0.26-a0-597-gb535b0901c (webtiles) character file.

Game seed: 762032715157722640

8 Alarkh the Insei (level 2, 7/21 HPs)
             Began as a Demonspawn Transmuter on Aug 31, 2020.
             Got out of the dungeon alive.
             The game lasted 00:00:29 (211 turns).

Alarkh the Insei (Demonspawn Transmuter)             Turns: 211, Time: 00:00:29

Health: 7/21       AC:  3    Str: 10    XL:     2   Next: 0%
Magic:  3/5        EV: 11    Int: 14    God:
Gold:   46         SH:  0    Dex: 13    Spells: 4/5 levels left

rFire    . . .     SeeInvis .     - Unarmed
rCold    . . .     Faith    .   (no shield)
rNeg     . . .     Spirit   .   c - +0 leather armour (curse)
rPois    +         Reflect  .   (helmet currently unavailable)
rElec    .         Harm     .   (no cloak)
rCorr    .                      (no gloves)
MR       .....                  (boots currently unavailable)
Stlth    +.........             (no amulet)
HPRegen  0.07/turn              b - ring of poison resistance
MPRegen  0.09/turn              (no ring)

@: seriously poisoned (7 -> 1), appendages (expiring)
A: horns 2, talons 2, demonic guardian 1
a: End Transformation


You escaped.
You had grown temporary horns.
You had grown temporary talons.
You visited 1 branch of the dungeon, and saw 1 of its levels.

You collected 46 gold pieces.

Inventory:

Armour
 a - a +0 robe
 c - a cursed +0 leather armour (worn)
Jewellery
 b - a ring of poison resistance (left hand)


   Skills:
 + Level 1.2 Fighting
 - Level 1.7 Dodging
 * Level 2.9 Unarmed Combat
 + Level 2.1 Spellcasting
 + Level 1.9 Transmutations


You had 4 spell levels left.
You knew the following spells:

 Your Spells              Type           Power        Failure   Level
a - Beastly Appendage     Tmut           #.....       14%         1

Your spell library contained the following spells:

 Spells                   Type           Power        Failure   Level
 Wereblood                Tmut           #.......     22%         2
 Spider Form              Tmut/Pois      #.........   54%         3
 Ice Form                 Ice/Tmut       #.......     91%         4
 Blade Hands              Tmut           #.........   99%         5


Dungeon Overview and Level Annotations

Branches:
Dungeon (1/15)

Altars:


Innate Abilities, Weirdness & Mutations

A weak demonic guardian rushes to your aid.
You have a pair of horns on your head.
You have razor-sharp toenails.


Message History

The kobold is moderately wounded.
The hobgoblin misses you.
The kobold hits you with a +1 short sword of venom.
You are poisoned.
Casting: Beastly Appendage (safe; 14% risk of failure)
Confirm with . or Enter, or press ? or * to list all spells.
You grow a pair of large bovine horns.
Your feet morph into talons.
You feel sick. The hobgoblin closely misses you.
The kobold hits you with a +1 short sword of venom.
Unknown command.
You feel sick.
Your transformation is almost over.
You feel sick.
You feel sick.
Your magical contamination has completely faded away.
You feel sick.
There is a staircase leading out of the dungeon here.
Are you sure you want to leave the Dungeon?
This will make you lose the game!
You feel sick. The hobgoblin barely misses you.
You have escaped!

#........########....#....#
#....[...+...........#....#
#........##.#####.#.##....#
#........##..####.#.......#
#.....†..##.......#.##....#
#######.##..#####...##....#
##....#.....#..##.####
#....#.......#†.#.#.! .
#...#....@.K..#........
#....#....g..#....#....
##....#....g#....##....
##....#####...........
##...................
..............)......
####...............##
#...............#
##########......#


You could see 2 hobgoblins and a kobold.

Vanquished Creatures
  2 goblins (D:1)
  3 kobolds (D:1)
  2 bats (D:1)
  A frilled lizard (D:1)
8 creatures vanquished.

Notes
Turn   | Place    | Note
-------+----------+-------------------------------------------
     0 | D:1      | Alarkh the Demonspawn Transmuter began the quest for the
                  | Orb.
     0 | D:1      | Reached XP level 1. HP: 15/15 MP: 3/3
   199 | D:1      | Gained mutation: A weak demonic guardian rushes to your
                  | aid. [demonic ancestry]
   199 | D:1      | Reached XP level 2. HP: 20/21 MP: 5/5
   211 | D:$      | Got out of the dungeon alive.

Illustrated notes

Levels and vault maps discovered:
D:1:      scummos_arrival_hexagon, layout_basic, serial_curves, eino_curves_04,
          eino_curves_01

Action                   || total
-------------------------++-------
Melee: Unarmed           ||    22
       Headbutt          ||     3
       Kick              ||     1
 Cast: Beastly Appendage ||     4
Armor: Leather armour    ||     2
       Robe              ||     1
Dodge: Dodged            ||    21

Table legend: (Time is in decaauts)
 A = Elapsed time spent in this place.
 B = Non-inter-level travel time spent in this place.
 C = Inter-level travel time spent in this place.
 D = Time resting spent in this place.
 E = Time spent auto-exploring this place.
 F = Levels seen in this place.
 G = Mean time per level.
                   A        B        C        D        E       F      G
               +--------+--------+--------+--------+--------+-----+--------+
         Total |    209 |    209 |      0 |     69 |     62 |   1 |  209.0 |
       Dungeon |    209 |    209 |      0 |     69 |     62 |   1 |  209.0 |
               +--------+--------+--------+--------+--------+-----+--------+

Top non-repeatable levels by time:
     D:1: 209 daAuts
